 Dungeon Crawl Stone Soup version 0.29.1-13-g9f3cf754e1 (webtiles) character file.

Game seed: 16646161557666221782

414 DemonSlayer the Digger (level 6, -3/41 (42) HPs)
             Began as a Demonspawn Earth Elementalist on Jan 20, 2023.
             Killed from afar by an orc wizard (5 damage)
             ... with a magic dart
             ... on level 4 of the Dungeon.
             The game lasted 00:09:22 (4082 turns).

DemonSlayer the Digger (DsEE)                       Turns: 4082, Time: 00:09:23

HP:   -3/41 (42)    AC:  5    Str:  8    XL:     6   Next: 60%
MP:   4/11          EV: 12    Int: 17    God:
Gold: 156           SH:  5    Dex: 19    Spells: 4/12 levels left

rFire   . . .      SeeInvis .   f - +0 dagger
rCold   . . .      Faith    .   (no shield)
rNeg    . . .      Spirit   .   k - +0 leather armour
rPois   .          Reflect  +   (no helmet)
rElec   .          Harm     .   e - +0 cloak
rCorr   .          Rampage  .   (no gloves)
Will    .....                   i - +0 pair of boots
Stlth   ++........              j - amulet of reflection
HPRegen 0.13/turn               l - +6 ring of dexterity
MPRegen 0.12/turn               (no ring)

@: lightly drained
A: demonic magic 3, hooves 1, dopey 1
a: no special abilities


You were on level 4 of the Dungeon.
You visited 2 branches of the dungeon, and saw 5 of its levels.

You collected 156 gold pieces.

Inventory:

Hand Weapons
 f - a +0 dagger (weapon)
Armour
 e - a +0 cloak (worn)
 i - a +0 pair of boots (worn)
 k - a +0 leather armour (worn)
Jewellery
 j - an amulet of reflection (around neck)
 l - a +6 ring of dexterity (left hand)
 p - a +4 ring of protection
Scrolls
 a - a scroll of teleportation {unknown}
 c - a scroll of acquirement {unknown}
 d - a scroll of enchant armour {unknown}
 g - a scroll of silence {unknown}
 h - a scroll of torment {unknown}
Potions
 m - a potion of heal wounds {unknown}
 n - 3 potions of attraction
 o - a potion of brilliance {unknown}


   Skills:
 + Level 0.5 Fighting
 + Level 0.8 Short Blades
 + Level 0.9 Armour
 + Level 2.2 Dodging
 + Level 3.5 Stealth
 + Level 0.1 Shields
 + Level 0.1 Unarmed Combat
 + Level 3.8 Spellcasting
 + Level 0.8 Transmutations
 + Level 4.5 Earth Magic


You had 4 spell levels left.
You knew the following spells:

 Your Spells              Type           Power      Damage    Failure   Level
a - Sandblast             Erth           36%        2d10      3%          1
b - Stone Arrow           Conj/Erth      20%        3d8       26%         3
c - Blink                 Tloc           6%         N/A       34%         2
d - Passwall              Tmut/Erth      10%        N/A       12%         2

Your spell library contained the following spells:

 Spells                   Type           Power      Damage    Failure   Level
 Lesser Beckoning         Tloc           3%         N/A       56%         3
 Petrify                  Tmut/Erth      12%        N/A       58%         4
 Manifold Assault         Tloc           3%         N/A       99%         5


Dungeon Overview and Level Annotations

Branches:
Dungeon (4/15)             Temple (1/1) D:4

Altars:
Ashenzari
Cheibriados
Dithmenos
Fedhas
Gozag
Hepliaklqana
Kikubaaqudgha
Makhleb
Okawaru
Ru
Sif Muna
Wu Jian
Xom


Innate Abilities, Weirdness & Mutations

Spells you cast and wands you use may paralyse nearby enemies.
You have large cloven feet.
You are dopey. (Int -2)


Message History

You kill the orc priest!
The wight is no longer paralysed.
The wight hits you with a +4 hand axe!
You feel drained.
Your life force feels restored.
Unknown command.
You are too injured to fight recklessly!
Casting: Sandblast (safe; 3% risk of failure)
Confirm with . or Enter, or press ? or * to list all spells.
Aiming: Sandblast (safe; 3% risk of failure)
Press: ? - help, Shift-Dir - straight line, f - wight
Aim: a wight, wielding a +4 hand axe and wearing a +0 robe (83% to hit)
The blast of sand hits the wight.
The wight is moderately damaged.
Malevolent energies surge around you. The wight hits you with a +4 hand axe.
You hear some strange, mumbled words.
Something tries to affect you, but you resist.
Casting: Sandblast (safe; 3% risk of failure)
Confirm with . or Enter, or press ? or * to list all spells.
Aiming: Sandblast (safe; 3% risk of failure)
Press: ? - help, Shift-Dir - straight line, f/p - wight
Aim: a wight, wielding a +4 hand axe and wearing a +0 robe (moderately damaged, 83% to hit)
The blast of sand hits the wight.
The wight is heavily damaged.
Malevolent energies surge around you. The wight hits you with a +4 hand axe!
* * * LOW HITPOINT WARNING * * *
Something hits you.
* * * LOW HITPOINT WARNING * * *
You block the wight's attack.
Unknown command.
Okay, then.
It was a potion of mutation.
You feel extremely strange.
You feel stupid.
Your feet thicken and deform.
The wight hits you with a +4 hand axe.
* * * LOW HITPOINT WARNING * * *
You feel drained.
* * * LOW HITPOINT WARNING * * *
You hear some strange, mumbled words.
A magic dart appears from out of thin air!
The magic dart hits you.
You die...

......#..#.# #
.........#.#.#.
.....#..#.#...
#............ .
#...>...... ..
....... ... #.
#.{z# .... ..
##.##.@)#+#.....
..#
.................
...
###.##........... .
.. #.##...........
..##
#.##..####.#.<.
....
#######.....####
#.## ....
...................
....
######'###.####.#
.#+# #....##......#
....


You could see a wight.

Vanquished Creatures
  A scorpion (D:4)
  A wight (D:4)
  A hound (D:4)
  2 orc priests (D:4)
  3 orc wizards
  2 adders
  3 worms
  2 dart slugs
  11 orcs
  8 bats
  14 endoplasms
  3 giant cockroaches
  9 hobgoblins
  7 kobolds
  3 quokkas
  8 ball pythons
  6 frilled lizards
  8 goblins
  8 rats
100 creatures vanquished.

Vanquished Creatures (others)
  9 plants
9 creatures vanquished.

Grand Total: 109 creatures vanquished

Notes
Turn   | Place    | Note
-------+----------+-------------------------------------------
     0 | D:1      | DemonSlayer the Demonspawn Earth Elementalist began the
                  | quest for the Orb.
     0 | D:1      | Reached XP level 1. HP: 13/13 MP: 3/3
     6 | D:1      | Noticed a wyvern
     6 | D:1      | Noticed a salamander
     6 | D:1      | Noticed a killer bee
     7 | D:1      | Noticed a komodo dragon
     7 | D:1      | Noticed a swamp worm
   150 | D:1      | Reached skill level 3 in Earth Magic
   274 | D:1      | Gained mutation: Spells you cast may paralyse adjacent
                  | enemies. [demonic ancestry]
   274 | D:1      | Reached XP level 2. HP: 19/19 MP: 3/5
   660 | D:1      | Reached XP level 3. HP: 24/24 MP: 4/6
   865 | D:1      | Found a faded altar of an unknown god.
  2138 | D:2      | Gained mutation: Spells you cast may paralyse nearby
                  | enemies. [demonic ancestry]
  2138 | D:2      | Reached XP level 4. HP: 30/30 MP: 6/8
  2252 | D:2      | Learned a level 3 spell: Stone Arrow
  2255 | D:2      | Learned a level 2 spell: Blink
  2258 | D:2      | Learned a level 2 spell: Passwall
  2959 | D:3      | Reached skill level 4 in Earth Magic
  2959 | D:3      | Reached XP level 5. HP: 18/35 MP: 0/9
  3660 | D:4      | Gained mutation: Spells you cast and wands you use may
                  | paralyse nearby enemies. [demonic ancestry]
  3660 | D:4      | Reached XP level 6. HP: 35/42 MP: 5/11
  3723 | D:4      | Found a staircase to the Ecumenical Temple.
  3751 | Temple   | Entered the Ecumenical Temple
  4082 | D:4      | Gained mutation: You are dopey. (Int -2) [potion of
                  | mutation]
  4082 | D:4      | Gained mutation: You have large cloven feet. [potion of
                  | mutation]
  4082 | D:4      | HP: 2/41 [wight/+4 hand axe (1)]
  4082 | D:4      | Killed from afar by an orc wizard

Illustrated notes

Levels and vault maps discovered:
D:1:      onia_arrival_zoo_common, layout_rooms,
          dreamdust_ecumenical_altar_hidden_monk_grotto, minmay_fountain_box
D:2:      layout_loops_ring, serial_co_window_serial,
          co_window_of_opportunity_a, co_window_paths_a, co_window_paths_a,
          co_window_of_opportunity_a, co_window_of_opportunity_a,
          co_window_of_opportunity_a, co_window_corner_a, co_window_corner_cb,
          co_window_broadway_a, co_window_2corner, co_window_of_opportunity_b,
          co_window_2corner, co_window_4corner_a, co_window_paths_e,
          glass_columns_b, glass_columns_b
D:3:      layout_loops_corners, hangedman_abyss_or_decor_stabs,
          serial_bayou_ford_a, bh_walls_and_bars
D:4:      layout_basic, nicolae_overflow_hallway_of_the_gods,
          mainiacjoe_overflow_alcove_4, minmay_temple_entry_wispy, uniq_natasha
Temple:   bh_familiar_temple

Skill      XL: |  1  2  3  4  5 |
---------------+----------------+-----
Earth Magic    | 3 4 |  4.5
Dodging        | 2 |  2.2
Stealth        | 2 3 |  3.5
Spellcasting   | 3 |  3.8
Fighting       | |  0.5
Short Blades   | |  0.8
Armour         | |  0.9
Shields        | |  0.1
Unarmed Combat | |  0.1
Transmutations | |  0.8

Action                   |  1- 3 |  4- 6 || total
-------------------------+-------+-------++-------
Melee: Short sword       |     9 |       ||     9
       Unarmed           |     2 |       ||     2
       Dagger            |    15 |    37 ||    52
 Cast: Sandblast         |    65 |    59 ||   124
  Use: Potion            |     1 |     2 ||     3
       Scroll            |     1 |     2 ||     3
 Stab: Paralysed         |     7 |    19 ||    26
       Sleeping          |     2 |     4 ||     6
Armor: Robe              |    20 |       ||    20
       Leather armour    |       |    20 ||    20
Dodge: Dodged            |    25 |    40 ||    65
Block: Other             |       |     4 ||     4
